 Dungeon Crawl Stone Soup version 0.29.1-13-g9f3cf754e1 (webtiles) character file.

Game seed: 7770831557695846203

687 RuggedK9 the Covered (level 7, -5/54 (61) HPs)
             Began as a Hill Orc Fighter on Jan 26, 2023.
             Slain by a wight
             ... wielding a +0 falchion
              (11 damage)
             ... on level 8 of the Dungeon.
             The game lasted 00:25:55 (3315 turns).

RuggedK9 the Covered (Hill Orc Fighter)             Turns: 3315, Time: 00:25:56

HP:   -5/54 (61)    AC:  7    Str: 21    XL:     7   Next: 62%
MP:   7/7           EV:  9    Int:  8    God:
Gold: 119           SH:  4    Dex: 10    Spells: 6/6 levels left

rFire   . . .      SeeInvis .   l - +4 mace of Baucsid {spect, Fragile rElec rPois}
rCold   . . .      Faith    .   c - +0 buckler
rNeg    . . .      Spirit   .   b - +0 scale mail
rPois   +          Reflect  .   (no helmet)
rElec   +          Harm     .   (no cloak)
rCorr   .          Rampage  .   (no gloves)
Will    .....                   (no boots)
Stlth   ..........              (no amulet)
HPRegen 0.18/turn               (no ring)
MPRegen 0.10/turn               (no ring)

@: marked, heavily drained
A: no striking features
a: no special abilities


You were on level 8 of the Dungeon.
You visited 1 branch of the dungeon, and saw 7 of its levels.
You also visited: Sewer.

You collected 119 gold pieces.

Inventory:

Hand Weapons
 a - a +0 war axe
 e - a +2 vampiric dagger
 l - the +4 mace of Baucsid (weapon) {spect, Fragile rElec rPois}
   (You found it on level 2 of the Dungeon)

   When its wielder attacks, the weapon's spirit leaps out and strikes again.
   The spirit shares a part of any damage it takes with its wielder.
   rElec:     It insulates you from electricity.
   rPois:     It protects you from poison.
   Fragile:   It will be destroyed if unequipped.
 D - a +4 war axe of electrocution
Missiles
 j - 4 javelins (quivered)
Armour
 b - a +0 scale mail (worn)
 c - a +0 buckler (worn)
 p - a +0 helmet
 t - a +0 helmet
Jewellery
 r - an amulet of reflection
 A - an amulet of magic regeneration
 G - a ring of fire
Wands
 g - a wand of mindburst (21)
 q - a wand of roots (7)
 H - a wand of flame (6)
Scrolls
 i - a scroll of magic mapping {unknown}
 k - 3 scrolls of identify {unknown}
 m - a scroll of teleportation {unknown}
 n - a scroll of blinking {unknown}
 o - 4 scrolls of enchant armour {unknown}
 s - 2 scrolls of vulnerability {unknown}
 v - 2 scrolls of poison {unknown}
 x - a scroll of noise {unknown}
 y - a scroll of brand weapon {unknown}
 C - a scroll of torment {unknown}
 E - a scroll of amnesia {unknown}
Potions
 d - 2 potions of might
 f - a potion of curing {unknown}
 h - 2 potions of heal wounds {unknown}
 u - 2 potions of invisibility {unknown}
 w - a potion of magic {unknown}
 z - a potion of haste {unknown}
 B - 3 potions of flight {unknown}
 F - a potion of degeneration {unknown}
 I - a potion of berserk rage {unknown}
 J - a potion of mutation {unknown}


   Skills:
 + Level 5.2 Fighting
 + Level 2.7 Short Blades
 + Level 3.0(4.4) Axes
 + Level 4.0(4.4) Maces & Flails
 + Level 0.1 Throwing
 + Level 5.5 Armour
 + Level 1.2 Dodging
 + Level 0.2 Stealth
 + Level 4.5 Shields


You had 6 spell levels left.
You didn't know any spells.
Your spell library contained the following spells:

 Spells                   Type           Power      Damage    Failure   Level
 Magic Dart               Conj           0%         1d3       82%         1
 Sting                    Tmut/Pois      0%         1d3       82%         1
 Call Imp                 Summ           0%         N/A       91%         2
 Poisonous Vapours        Pois/Air       0%         N/A       91%         2
 Frozen Ramparts          Ice            0%         1d1       99%         3
 Ignite Poison            Fire/Tmut/Pois 0%         N/A       99%         3
 Mephitic Cloud           Conj/Pois/Air  0%         N/A       99%         3
 Ozocubu's Armour         Ice            0%         N/A       99%         3
 Portal Projectile        Hex/Tloc       0%         N/A       99%         3
 Tukima's Dance           Hex            0%         N/A       99%         3
 Ice Form                 Ice/Tmut       0%         N/A       100%        4
 Olgreb's Toxic Radiance  Pois           0%         N/A       100%        4
 Summon Ice Beast         Ice/Summ       0%         N/A       100%        4
 Blade Hands              Tmut           0%         N/A       100%        5
 Fireball                 Conj/Fire      0%         3d3       100%        5
 Freezing Cloud           Conj/Ice/Air   0%         6-21      100%        5
 Iskenderun's Battlesphe  Conj           0%         2d6       100%        5
 Conjure Ball Lightning   Conj/Air       0%         3x3d6     100%        6
 Orb of Destruction       Conj           0%         9d5       100%        7
 Ozocubu's Refrigeration  Ice            0%         4d7       100%        7


Dungeon Overview and Level Annotations

Branches:
Dungeon (8/15)             Temple (0/1) D:4           Sewer (visited)
   Lair: D:8-11

Altars:
Dithmenos
Kikubaaqudgha
Qazlal
Ru
Trog
Wu Jian

Shops:
D:8 *


Message History

You hit the wight but do no damage. The wight hits you but does no damage.
The wight hits you with a +0 falchion.
You barely miss the wight.
A wight comes into view. It is wielding a +0 trident.
The wight barely misses you. The wight hits you with a +0 falchion!
You hit the wight but do no damage.
A wight comes into view. It is wielding a +0 spear.
The wight hits you from afar with a +2 vampiric spear.
You feel drained. The wight closely misses you.
You sock the wight!
The wight is moderately damaged.
The wight closely misses you. x2
You hit the wight.
The wight is heavily damaged.
The wight hits you from afar with a +2 vampiric spear.
The wight hits you with a +0 falchion.
You feel drained. You block the wight's attack.
The wight hits you with a +0 falchion!
You feel drained.
You closely miss the wight.
The wight is heavily damaged.
The wight hits you from afar with a +2 vampiric spear!
* * * LOW HITPOINT WARNING * * *
You feel drained.
* * * LOW HITPOINT WARNING * * *
The wight barely misses you. The wight attacks as you move away!
The wight hits you but does no damage. The wight attacks as you move away!
The wight hits you with a +0 falchion.
* * * LOW HITPOINT WARNING * * *
You feel drained.
* * * LOW HITPOINT WARNING * * *
You block the wight's attack. The wight attacks as you move away!
The wight hits you with a +0 falchion.
* * * LOW HITPOINT WARNING * * *
You feel drained.
* * * LOW HITPOINT WARNING * * *
Unknown command.
You hit the wight.
The wight is severely damaged.
The wight hits you with a +0 falchion!
You die...

.##########
zzzz.z....#
#########z#
#z# #@# #.#
#.# #.# #.#
#.# #.# #
#.# #.# #


You could see 2 wights.

Vanquished Creatures
  A sky beast (D:8)
  A centaur (D:8)
  A phantom (D:5)
  A necrophage (D:6)
  2 bullfrogs
  2 hounds
  2 orc wizards (D:4)
  2 adders
  4 river rats (Sewer)
  A shadow imp (D:6)
  An ufetubus (D:3)
  2 dart slugs
  5 orcs (D:4)
  13 ball pythons
  4 endoplasms
  2 giant cockroaches (D:4)
  A goblin (D:3)
  2 hobgoblins
  A jackal (D:5)
  16 kobolds
  A quokka (D:2)
  4 bats (D:3)
  7 frilled lizards
  23 rats
99 creatures vanquished.

Vanquished Creatures (others)
  A fungus (D:4)
1 creature vanquished.

Grand Total: 100 creatures vanquished

Notes
Turn   | Place    | Note
-------+----------+-------------------------------------------
     0 | D:1      | RuggedK9 the Hill Orc Fighter began the quest for the Orb.
     0 | D:1      | Reached XP level 1. HP: 19/19 MP: 1/1
   268 | D:2      | Found a faded altar of an unknown god.
   295 | D:2      | Reached XP level 2. HP: 26/27 MP: 2/2
   553 | D:2      | Identified the +4 mace of Baucsid {spect, Fragile rElec
                  | rPois}
   605 | D:3      | Reached XP level 3. HP: 32/33 MP: 3/3
   725 | D:3      | Reached skill level 1 in Short Blades
   817 | D:3      | Found an ancient bone altar of Kikubaaqudgha.
   880 | D:4      | Reached XP level 4. HP: 37/41 MP: 4/4
   881 | D:4      | Noticed a bullfrog
   892 | D:4      | Killed a bullfrog
   893 | D:4      | Reached XP level 5. HP: 29/47 MP: 5/5
   967 | D:4      | Reached skill level 1 in Maces & Flails
  1231 | D:4      | Found a sacrificial altar of Ru.
  1262 | D:4      | Found a glowing drain.
  1275 | Sewer    | Entered a sewer
  1445 | Sewer    | Reached XP level 6. HP: 33/53 MP: 6/6
  2262 | D:4      | Found an ornate altar of the Wu Jian Council.
  2262 | D:4      | Found a bloodstained altar of Trog.
  2327 | D:4      | Found a staircase to the Ecumenical Temple.
  2379 | D:5      | Entered Level 5 of the Dungeon
  2625 | D:6      | Reached XP level 7. HP: 41/60 MP: 7/7
  2723 | D:6      | You fall into a shaft and drop 2 floors!
  2769 | D:8      | Found Terchyno's Mayhem Merchandise.
  2870 | D:8      | Found a shadowy altar of Dithmenos.
  2870 | D:8      | Found a stormy altar of Qazlal.
  2933 | D:8      | Reached skill level 5 in Fighting
  2933 | D:8      | Reached skill level 5 in Armour
  2933 | D:8      | Reached skill level 1 in Dodging
  3315 | D:8      | Slain by a wight

Illustrated notes

Levels and vault maps discovered:
D:1:      scummos_arrival_star, layout_loops_ring, serial_bayou_lake_a
D:2:      layout_basic, ebering_ecumenical_altar_mist, minmay_distorted
D:3:      layout_rooms, lemuel_crystal_altar, serial_shops, shop
D:4:      layout_rooms, nicolae_ru_the_path_less_chosen,
          nicolae_overflow_two_pavilions, minmay_temple_entry_statues_fountains,
          portal_sewer_entry_b, skrybe_limestone_x, uniq_robin
D:5:      layout_rooms, minivault_24, kennysheep_big_empty_room
D:6:      old_forge, layout_basic, slow_altar_2, serial_shops,
          nicolae_shop_trees, chequers_serial_rivers_micro_b
D:8:      layout_loops_ring, gammafunk_temple_overflow_statue,
          minmay_shop_damaged, minmay_shop_mayhem

Skill      XL: |  1  2  3  4  5  6  7 |
---------------+----------------------+-----
Fighting       | 4 5 |  5.2
Axes           | 3 |  3.0
Short Blades   | 2 |  2.7
Armour         | 4 5 |  5.5
Shields        | 4 |  4.5
Maces & Flails | 1 3 4 |  4.0
Dodging        | 1 |  1.2
Throwing       | |  0.1
Stealth        | |  0.2

Action                   |  1- 3 |  4- 6 |  7- 9 || total
-------------------------+-------+-------+-------++-------
Melee: Dagger            |    34 |       |       ||    34
       War axe           |     4 |       |       ||     4
       Mace              |    23 |    94 |    29 ||   146
Throw: Javelin           |     4 |       |       ||     4
Armor: Scale mail        |    38 |    48 |    15 ||   101
Dodge: Dodged            |    40 |    58 |    21 ||   119
Block: Buckler           |    15 |    31 |    10 ||    56
